 Dungeon Crawl Stone Soup version 0.31-a0-1227-g0136665373 (webtiles) character file.

Game seed: 2757049992275796211

144 bmb222 the Ruffian (level 5, -1/49 HPs)
             Began as an Octopode Shapeshifter on Dec 14, 2023.
             Slain by a gnoll
             ... wielding a +0 halberd
              (12 damage)
             ... on level 3 of the Dungeon.
             The game lasted 00:02:18 (2001 turns).

bmb222 the Ruffian (Octopode Shapeshifter)          Turns: 2001, Time: 00:02:18

Health: -1/49      AC: 22    Str: 16    XL:     5   Next: 26%
Magic:  5/5        EV:  2    Int: 12    God:
Gold:   137        SH:  0    Dex: 11    Spells: 4/4 levels left

rFire   . .          .
                       - Unarmed
rCold   . . .        (no shield)
rNeg    . . .        (helmet currently unavailable)
rPois   +            (no amulet)
rElec   .            (no ring)
rCorr   .            (no ring)
SInv    .            (no ring)
Will    .....        (no ring)
Stlth   ++           (no ring)
HPRegen 0.28/turn    (no ring)
MPRegen 0.09/turn    (no ring)
                     (no ring)

%: no passive effects
@: tree-form
A: stationary, stasis, torment immunity, boosted hp, almost no armour,
(amphibious), 8 rings, (camouflage 1), (gelatinous body 1), (nimble swimmer 1),
(tentacles)
a: no special abilities


You were on level 3 of the Dungeon.
You were a tree.
You visited 1 branch of the dungeon, and saw 3 of its levels.

You collected 137 gold pieces.

Inventory:

Talismans
 b - a beast talisman
 c - a flux talisman
Scrolls
 d - a scroll of poison {unknown}
 e - 3 scrolls of identify {unknown}
 f - a scroll of teleportation {unknown}
 g - a scroll of blinking {unknown}
 i - a scroll of immolation {unknown}
 j - a scroll of revelation {unknown}
Potions
 a - a potion of lignification
 h - a potion of might {unknown}


   Skills:
 + Level 1.2 Fighting
 + Level 2.6 Dodging
 + Level 2.9 Stealth
 + Level 4.5 Unarmed Combat
 + Level 3.4 Shapeshifting


You had 4 spell levels left.
You didn't know any spells.
Your spell library contained the following spells:

 Spells                   Type           Power      Damage    Failure   Level
 Sandblast                Erth           0%         2d4       32%         1
 Passwall                 Tmut/Erth      0%         N/A       45%         2
 Stone Arrow              Conj/Erth      0%         3d7       69%         3
 Brom's Barrelling Bould  Conj/Erth      0%         2d3       97%         4


Dungeon Overview and Level Annotations

Branches:
Dungeon (3/15)

Altars:

Annotations:
D:2 1 runed translucent door, Crazy Yiuf


Innate Abilities, Weirdness & Mutations

You are a tree.
Your roots penetrate the ground, keeping you stationary.
You cannot be teleported.
You are immune to unholy pain and torment.
Your maximum health is greatly increased.
You cannot wear most types of armour.
((You are amphibious.))
You can wear up to eight rings at the same time.
((Your skin changes colour to match your surroundings (Stealth+).))
((Your rubbery body absorbs attacks. (AC +1, EV +1)))
((You are camouflaged when in or above water. (Stealth+)))
((You have tentacles for arms and can constrict up to eight enemies at once.))


Message History

The gnoll attacks as it pursues you! The gnoll misses you.
The gnoll attacks as it pursues you! The gnoll hits you with a +0 whip!
* * * LOW HITPOINT WARNING * * *
You see here 18 gold pieces.
The gnoll closely misses you.
Okay, then.
Your transformation has ended.
You turn into a tree.
Your roots penetrate the ground.
The gnoll hits you but does no damage.
You hit the gnoll.
The gnoll is almost dead.
You smack the gnoll!
You kill the gnoll!
You have reached level 5!
You feel stronger.
You smack the gnoll!
You kill the gnoll!
You hit the gnoll. You punch the gnoll.
The gnoll is heavily wounded.
The gnoll hits you but does no damage. x2
You hit the gnoll but do no damage.
The gnoll is heavily wounded.
The gnoll hits you from afar with a +0 halberd!
* * * LOW HITPOINT WARNING * * *
The gnoll hits you but does no damage.
You smack the gnoll!
You kill the gnoll!
The gnoll hits you but does no damage.
You cannot move.
A gnoll is nearby!
The gnoll hits you but does no damage. The gnoll hits you but does no damage.
The gnoll hits you but does no damage. The gnoll hits you but does no damage.
The gnoll hits you but does no damage. The gnoll hits you but does no damage.
The gnoll hits you but does no damage. The gnoll hits you but does no damage.
The gnoll hits you from afar with a +0 halberd!
You die...

#####......#.#
####.....#
#.#...#
#.#.#...# #[#.#
.>#
##########...#
##
..........####
..........####.#
.........$)♣...#
.........g######
..........#
......†...#
.........)#
.......>.!#
.####.##### ...
.###


You could see a gnoll.

Vanquished Creatures
  3 gnolls (D:3)
  5 adders
  3 orcs (D:2)
  5 endoplasms
  A giant cockroach (D:2)
  6 goblins
  12 hobgoblins
  4 jackals (D:2)
  2 quokkas
  6 ball pythons
  2 bats
  3 frilled lizards
  5 kobolds
  8 rats
65 creatures vanquished.

Notes
Turn   | Place    | Note
-------+----------+-------------------------------------------
     0 | D:1      | bmb222 the Octopode Shapeshifter began the quest for the
                  | Orb.
     0 | D:1      | Reached XP level 1. HP: 13/13 MP: 1/1
   184 | D:1      | Reached XP level 2. HP: 18/18 MP: 2/2
   465 | D:1      | Reached XP level 3. HP: 23/23 MP: 3/3
   484 | D:1      | Reached skill level 1 in Stealth
  1030 | D:2      | Reached skill level 4 in Unarmed Combat
  1103 | D:2      | Reached XP level 4. HP: 28/28 MP: 4/4
  1250 | D:2      | Found a faded altar of an unknown god.
  1519 | D:2      | Found a runed translucent door.
  1520 | D:2      | Noticed Crazy Yiuf
  1989 | D:3      | Reached XP level 5. HP: 14/33 MP: 5/5
  2001 | D:3      | Slain by a gnoll

Illustrated notes

Levels and vault maps discovered:
D:1:      tarquinn_simple_flora_water_e, layout_basic, minmay_hedge_maze
D:2:      layout_rooms, dreamdust_ecumenical_altar_angels_and_demons,
          uniq_crazy_yiuf_cottage
D:3:      layout_basic, grunt_temple_overflow_open, serial_aquarium,
          aquarium_bridge_long_joined [aquarium_subvault_wall,
          aquarium_subvault_bridge, aquarium_subvault_wall,
          aquarium_subvault_balcony, aquarium_subvault_window,
          aquarium_subvault_balcony], aquarium_bridge_square
          [aquarium_subvault_wall, aquarium_subvault_bridge,
          aquarium_subvault_wall, aquarium_subvault_bridge],
          aquarium_window_corner, aquarium_window_corridor_2, aquarium_view_2e,
          aquarium_balcony_1b, aquarium_pool_2

Skill      XL: |  1  2  3  4 |
---------------+-------------+-----
Stealth        | 1 2 |  2.9
Unarmed Combat | 4 |  4.5
Fighting       | |  1.2
Dodging        | |  2.6
Shapeshifting  | |  3.4

Action                     |  1- 3 |  4- 6 || total
---------------------------+-------+-------++-------
  Melee: Unarmed           |    80 |    49 ||   129
         Constrict         |    16 |     9 ||    25
         Tentacles         |     7 |     6 ||    13
         Punch             |     2 |     1 ||     3
    Use: Potion            |       |     1 ||     1
   Stab: Sleeping          |     7 |     3 ||    10
 Armour: Skin              |    30 |    31 ||    61
  Dodge: Dodged            |    45 |    21 ||    66

Table legend: (Time is in decaauts)
 A = Elapsed time spent in this place.
 B = Non-inter-level travel time spent in this place.
 C = Inter-level travel time spent in this place.
 D = Time resting spent in this place.
 E = Time spent auto-exploring this place.
 F = Levels seen in this place.
 G = Mean time per level.
                   A        B        C        D        E       F      G
               +--------+--------+--------+--------+--------+-----+--------+
         Total |   1990 |   1942 |     48 |     25 |   1565 |   3 |  663.3 |
       Dungeon |   1990 |   1942 |     48 |     25 |   1565 |   3 |  663.3 |
               +--------+--------+--------+--------+--------+-----+--------+

Top non-repeatable levels by time:
     D:1: 859 daAuts
     D:2: 676 daAuts
     D:3: 455 daAuts
